 Dungeon Crawl Stone Soup version 0.21.0 (webtiles) character file.

3847 tidbits the Covert (level 9, -10/42 HPs)
             Began as a Felid Air Elementalist on Jan 7, 2018.
             Was an Elder of Wu Jian.
             Killed by divine providence
             ... invoked by an orc priest
              (14 damage)
             ... on level 1 of the Orcish Mines.
             The game lasted 01:49:10 (8678 turns).

tidbits the Covert (Felid Air Elementalist)         Turns: 8678, Time: 01:49:11

Health: -10/42     AC:  6    Str: 11    XL:     9   Next: 98%
Magic:  13/13      EV: 28    Int: 21    God:    Wu Jian [****..]
Gold:   293        SH:  0    Dex: 19    Spells: 3/12 levels left
                                        Lives:  0   Deaths: 2

rFire    . . .     SeeInvis +     - Unarmed
rCold    . . .     Gourm    .   (shield unavailable)
rNeg     . . .     Faith    .   (armour unavailable)
rPois    .         Spirit   .   (helmet unavailable)
rElec    .         Reflect  .   (cloak unavailable)
rCorr    .         Harm     .   (gloves unavailable)
MR       ++...                  (boots unavailable)
Stlth    ++++++....             (no amulet)
HPRegen  0.14/turn              z - ring of Day {MR+ Str+4 Int+4 Dex+2}
MPRegen  0.13/turn              U - +4 ring of protection

@: quick
A: very small, no armour, no weapons or thrown items, stealth, claws 1, fangs 3,
see invisible, carnivore, speed 1, shaggy fur 2, slow metabolism 1, sharp paws
a: Wall Jump, Serpent's Lash, Renounce Religion


You were on level 1 of the Orcish Mines.
You worshipped Wu Jian.
Wu Jian was greatly pleased with you.
You were not hungry.

You visited 4 branches of the dungeon, and saw 17 of its levels.

You collected 867 gold pieces.
You spent 574 gold pieces at shops.

Inventory:

Missiles
 n - 205 arrows
Jewellery
 b - an uncursed ring of ice
   (You found it on level 2 of the Dungeon)
 e - a +2 ring of protection
   (You found it on level 12 of the Dungeon)
 f - an uncursed ring of teleportation
   (You found it on level 1 of the Dungeon)
 i - an uncursed ring of positive energy
   (You found it on level 4 of the Dungeon)
 p - an uncursed ring of fire
   (You found it on level 5 of the Dungeon)
 z - the ring of Day (left paw) {MR+ Str+4 Int+4 Dex+2}
   (You bought it in a shop on level 7 of the Dungeon)

   [ring of intelligence]

   It affects your strength (+4).
   It affects your intelligence (+4).
   It affects your dexterity (+2).
   It affects your resistance to hostile enchantments.
 U - a +4 ring of protection (right paw)
   (You found it on level 9 of the Dungeon)
Wands
 o - a wand of polymorph (6)
 y - a wand of random effects (16)
Scrolls
 d - 3 scrolls of amnesia
 g - 2 scrolls of teleportation
 h - a scroll of immolation {unknown}
 l - 8 scrolls of remove curse
 t - a scroll of acquirement {unknown}
 u - a scroll of magic mapping
 v - a scroll of vulnerability {unknown}
 w - a scroll of summoning
Potions
 j - a potion of resistance
 k - a potion of degeneration
 m - 3 potions of magic
 r - 3 potions of might
 s - a potion of brilliance
Books
 c - a book of Air

   Spells                             Type                      Level
   a - Shock                          Conjuration/Air              1
   b - Swiftness                      Charms/Air                   2
   c - Static Discharge               Conjuration/Air              3
   d - Airstrike                      Air                          4
   e - Lightning Bolt                 Conjuration/Air              5
 x - a book of Conjurations
   (You found it on level 8 of the Dungeon)

   Spells                             Type                      Level
   a - Magic Dart                     Conjuration                  1
   b - Searing Ray                    Conjuration                  2
   c - Dazzling Spray                 Conjuration/Hexes            3
   d - Fulminant Prism                Conjuration/Hexes            4
   e - Force Lance                    Conjuration/Translocation    4
   f - Iskenderun's Mystic Blast      Conjuration                  4
Comestibles
 a - 19 rations


   Skills:
 - Level 6.9 Fighting
 - Level 10.7 Dodging
 - Level 13.7 Stealth
 - Level 10.2 Unarmed Combat
 - Level 2.0 Spellcasting
 + Level 3.4 Conjurations
 + Level 5.1 Hexes
 - Level 2.6 Air Magic
 - Level 3.3 Evocations


You had 3 spell levels left.
You knew the following spells:

 Your Spells              Type           Power        Failure   Level  Hunger
a - Shock                 Conj/Air       ##..         4%          1    #......
d - Dazzling Spray        Conj/Hex       ###...       8%          3    ###....
z - Static Discharge      Conj/Air       ##......     13%         3    ###....
W - Swiftness             Chrm/Air       #.......     13%         2    ##.....


Dungeon Overview and Level Annotations

Branches:
Dungeon (13/15)            Temple (1/1) D:4            Lair (2/6) D:11
    Orc (1/2) D:12
  Swamp: Lair:2-4    Shoals: Lair:2-4     Snake: Lair:2-4    Spider: Lair:2-4
 Vaults: D:13-14

Altars:
Ashenzari
Cheibriados
Dithmenos
Fedhas
Gozag
Hepliaklqana
Kikubaaqudgha
Makhleb
Nemelex Xobeh
Okawaru
Qazlal
Ru
Sif Muna
Trog
Uskayaw
Vehumet
Wu Jian
Xom
Yredelemnul
Zin
The Shining One

Shops:
D:7 =   D:9 *   D:12 [

Annotations:
D:3 feelmyfire's ghost, amateur DsAK
D:4 exclusion: upstairs
D:5 2 transporters
D:7 lotsa slimes
D:12 exclusion: manticore, Kirke
D:13 Maurice
Lair:1 exclusion: downstairs
Lair:2 Erica; Urug


Innate Abilities, Weirdness & Mutations

You cannot wear armour.
You are incapable of wielding weapons or throwing items.
Your paws allow you to move quietly. (Stealth)
You have sharp claws.
You have razor-sharp teeth.
You have supernaturally acute eyesight. (SInv)
You are carnivorous and can eat meat at any time.
You cover ground quickly.
You are covered in thick fur. (AC +2)
You have a slow metabolism.
Your sharp claws are effective at attacking unaware monsters.


Message History

The orc knight is dazzled.
The spray of energy hits the orc warrior.
Evoke which item? (* to show all) (? for menu, Esc to quit)
Aiming: Random Effects
Press: ? - help, Shift-Dir - straight line, f/p - orc knight
Aim: an orc knight, wielding a glaive of venom and wearing a plate armour (lightly wounded, blind, hasn't noticed you)
The mass of ice explodes!
The iceblast engulfs the orc knight.
The orc knight is moderately wounded.
The iceblast engulfs the orc warrior.
The orc warrior is heavily wounded.
The iceblast engulfs the orc wizard.
You kill the orc wizard!
The Council accepts your kill.
Evoke which item? (* to show all) (? for menu, Esc to quit)
Aiming: Random Effects
Press: ? - help, Shift-Dir - straight line, f/p - orc knight
Aim: an orc knight, wielding a glaive of venom and wearing a plate armour (lightly wounded, blind, hasn't noticed you)
The orc knight flickers and vanishes for a moment.
The orc knight is no longer blind.
There is a stone staircase leading down here.
The orc warrior no longer looks unusually strong.
The orc knight roars a battlecry!
The orc warrior goes into a battle-frenzy!
Evoke which item? (* to show all) (? for menu, Esc to quit)
Aiming: Random Effects
Press: ? - help, Shift-Dir - straight line, f/p - orc knight
Aim: an orc knight, wielding a glaive of venom and wearing a plate armour (lightly wounded, slightly transparent)
The orc warrior twists and deforms.
The orc warrior no longer looks unusually strong.
Evoke which item? (* to show all) (? for menu, Esc to quit)
Aiming: Random Effects
Press: ? - help, Shift-Dir - straight line, f/p - orc knight
Aim: an orc knight, wielding a glaive of venom and wearing a plate armour (lightly wounded, slightly transparent)
The orc warrior seems to speed up.
The orc knight roars a battlecry!
The orc warrior goes into a battle-frenzy!
As you read the scroll of teleportation, it crumbles to dust.
You feel strangely unstable.
Your surroundings suddenly seem different.
Wield which item (- for none, * to show all)? (? for menu, Esc to quit)
c - a book of Air (in mouth)
You swing at nothing.
You swing at nothing.
You swing at nothing.
You swing at nothing.
You swing at nothing.
You swing at nothing.
You swing at nothing.
You swing at nothing.
You swing at nothing.
You swing at nothing.
You swing at nothing.
You swing at nothing.
You swing at nothing.
You swing at nothing.
You swing at nothing.
You swing at nothing.
You swing at nothing.
You swing at nothing.
You swing at nothing.
You swing at nothing.
You swing at nothing.
You swing at nothing.
You swing at nothing.
You swing at nothing.
You swing at nothing.
You swing at nothing.
An orc priest comes into view.
Wield which item (- for none, * to show all)? (? for menu, Esc to quit)
Your mouth is now empty.
An orc comes into view. It is wielding a dagger.
Evoke which item? (* to show all) (? for menu, Esc to quit)
Aiming: Random Effects
Press: ? - help, Shift-Dir - straight line, f - orc priest
Aim: an orc priest (hasn't noticed you)
The orc priest shouts!
The orc priest flickers and vanishes for a moment.
The orc shouts!
You hear a shout!
The orc priest looks encouraged for a moment.
Evoke which item? (* to show all) (? for menu, Esc to quit)
Aiming: Random Effects
Press: ? - help, Shift-Dir - straight line, f/p - orc priest
Aim: an orc priest (slightly transparent)
The bolt of negative energy hits the orc priest.
The orc priest is drained!
The orc priest is severely wounded.
The orc priest calls down the wrath of Beogh upon you.
Beogh smites you!
* * * LOW HITPOINT WARNING * * *
An orc comes into view. It is wielding a falchion.
The orc shouts!
You hear a shout! x2
Evoke which item? (* to show all) (? for menu, Esc to quit)
Aiming: Random Effects
Press: ? - help, Shift-Dir - straight line, f/p - orc priest
Aim: an orc priest (severely wounded, slightly transparent, heavily drained) Nothing appears to happen.
You hear a shout!
The orc priest calls down the wrath of Beogh upon you.
Beogh smites you!
You die...

## # ##.##
.##.#...####
........##.##
...o....@...#
.##.o#.##.##
#.o ###### .


You could see an orc priest (invisible) and 2 orcs.

Vanquished Creatures
  A centaur warrior (D:13)
  2 two-headed ogres
  An unseen horror (D:11)
  A manticore (D:11)
  A black mamba (Lair:1)
  A kobold demonologist (D:13)
  A troll (D:12)
  A jumping spider (Orc:1)
  A slime creature (D:7)
  A blink frog (Lair:2)
  2 hippogriffs (D:12)
  A spriggan (D:7)
  A wyvern (D:8)
  3 yaks (Lair:1)
  2 hungry ghosts
  6 vampire mosquitoes
  An acid dragon (D:12)
  A water moccasin (D:6)
  3 porcupines (Lair:1)
  4 sky beasts
  9 orc warriors
  2 ice beasts
  A black bear (D:8)
  2 phantoms
  A centaur (D:7)
  7 ogres
  A crocodile (D:12)
  3 big kobolds
  5 bullfrogs
  A gnoll sergeant (D:8)
  A wyvern skeleton (D:13)
  2 scorpions
  10 killer bees
  11 wights
  4 howler monkeys
  A crimson imp (D:9)
  2 centaur zombies
  A quasit (D:9)
  4 jellies (D:7)
  A bullfrog zombie (D:12)
  4 orc priests
  A bullfrog skeleton (D:5)
  2 hounds
  7 orc wizards
  5 centaur skeletons
  4 iguanas
  3 worker ants
  7 gnolls (D:8)
  13 adders
  A shadow imp (D:7)
  7 oozes
  2 adder skeletons
  2 worms (D:2)
  A dart slug (D:1)
  6 leopard geckos
  42 orcs
  9 bats
  A giant cockroach (D:1)
  6 hobgoblins
  12 jackals
  5 quokkas
  3 ball pythons
  5 frilled lizards
  3 goblins
  2 goblin zombies (D:6)
  A hobgoblin zombie (D:6)
  20 kobolds
  A kobold zombie (D:6)
  12 rats
291 creatures vanquished.

Vanquished Creatures (collateral kills)
  A shadow (D:13)
  A howler monkey (D:13)
2 creatures vanquished.

Vanquished Creatures (others)
  A manticore (D:13)
  A vampire mosquito (D:13)
  An orc warrior (D:8)
  A killer bee (D:8)
  A bullfrog zombie (D:13)
  2 gnolls (D:8)
  5 orcs (D:8)
  6 fungi (D:7)
18 creatures vanquished.

Grand Total: 311 creatures vanquished

Notes
Turn   | Place    | Note
-------+----------+-------------------------------------------
     0 | D:1      | tidbits the Felid Air Elementalist began the quest for the Orb.
     0 | D:1      | Reached XP level 1. HP: 7/7 MP: 4/4
    57 | D:1      | Reached skill level 1 in Unarmed Combat
   118 | D:1      | Reached XP level 2. HP: 6/11 MP: 3/6
   122 | D:1      | Learned a level 2 spell: Swiftness
   223 | D:1      | Reached skill level 2 in Unarmed Combat
   433 | D:1      | Reached XP level 3. HP: 13/14 MP: 1/7
   577 | D:1      | Reached skill level 3 in Unarmed Combat
   691 | D:1      | Reached skill level 3 in Stealth
   789 | D:4      | Found a staircase to the Ecumenical Temple.
   796 | Temple   | Entered the Ecumenical Temple
   853 | Temple   | Became a worshipper of the Wu Jian Council
   954 | D:3      | Noticed feelmyfire's ghost (amateur DsAK)
   995 | D:4      | Reached skill level 4 in Stealth
   995 | D:4      | Reached XP level 4. HP: 18/18 MP: 6/8
  1020 | D:5      | Entered Level 5 of the Dungeon
  1038 | D:5      | Noticed a phantom
  1090 | D:4      | Reached skill level 5 in Stealth
  1095 | D:4      | Learned a level 3 spell: Static Discharge
  1232 | D:3      | Reached XP level 5. HP: 18/21 MP: 2/9
  1379 | D:2      | Reached * piety under Wu Jian
  1404 | D:2      | Reached skill level 6 in Stealth
  1505 | D:2      | Found a faded altar of an unknown god.
  1567 | D:2      | Found an iron altar of Okawaru.
  1839 | D:5      | Noticed a sky beast
  1887 | D:5      | Noticed an ogre
  1891 | D:5      | Found an ancient bone altar of Kikubaaqudgha.
  1929 | D:6      | Noticed an ice beast
  2081 | D:6      | Killed an ice beast
  2081 | D:6      | Reached skill level 7 in Stealth
  2081 | D:6      | Gained mutation: You are covered in thick fur. (AC +2) [Felid growth]
  2081 | D:6      | Reached XP level 6. HP: 24/24 MP: 0/10
  2108 | D:6      | Reached skill level 8 in Stealth
  2125 | D:6      | Found a glowing golden altar of the Shining One.
  2293 | D:6      | Noticed an orc warrior
  2319 | D:7      | Found a snail-covered altar of Cheibriados.
  2323 | D:7      | Found Cynkih's Jewellery Shop.
  2347 | D:7      | Noticed a slime creature
  2360 | D:7      | Noticed a spriggan baker
  2369 | D:7      | Reached skill level 9 in Stealth
  2502 | D:7      | Reached XP level 7. HP: 20/27 MP: 5/11
  2539 | D:8      | Noticed a wyvern
  2541 | D:8      | Killed a wyvern
  2541 | D:8      | Reached skill level 10 in Stealth
  2544 | D:8      | Found a sacrificial altar of Ru.
  2545 | D:8      | Found a shattered altar of Ashenzari.
  2545 | D:8      | Found a hazy altar of Hepliaklqana.
  2580 | D:8      | Found a shimmering altar of Xom.
  2685 | D:6      | Reached skill level 2 in Evocations
  2759 | D:6      | Reached skill level 3 in Evocations
  2815 | D:6      | Reached skill level 3 in Dodging
  3018 | D:6      | Reached skill level 4 in Dodging
  3018 | D:6      | Reached XP level 8. HP: 22/31 MP: 6/12
  3181 | D:6      | Reached ** piety under Wu Jian
  3219 | D:5      | Found a stormy altar of Qazlal.
  3219 | D:5      | Found an opulent altar of Gozag.
  3221 | D:5      | Found a burning altar of Makhleb.
  3221 | D:5      | Found a bloodstained altar of Trog.
  3251 | D:5      | Found a transporter.
  3251 | D:5      | Reached skill level 5 in Dodging
  3413 | D:5      | Reached skill level 1 in Fighting
  3413 | D:5      | Reached skill level 6 in Dodging
  3423 | D:5      | Found a transporter.
  3930 | D:6      | Reached skill level 2 in Fighting
  3930 | D:6      | Reached skill level 4 in Unarmed Combat
  4200 | D:7      | Killed a slime creature
  4200 | D:7      | Reached skill level 3 in Fighting
  4200 | D:7      | Reached skill level 7 in Dodging
  4200 | D:7      | Reached skill level 5 in Unarmed Combat
  4200 | D:7      | Reached XP level 9. HP: 27/38 MP: 11/13
  4233 | D:8      | Found a radiant altar of Vehumet.
  4259 | D:9      | Found Yskoet's Assorted Antiques.
  4701 | D:9      | Reached skill level 6 in Unarmed Combat
  4888 | D:9      | Reached skill level 4 in Fighting
  4888 | D:9      | Reached skill level 8 in Dodging
  4951 | D:9      | Noticed a two-headed ogre
  4958 | D:9      | Killed a two-headed ogre
  4958 | D:9      | Reached skill level 7 in Unarmed Combat
  4993 | D:10     | Entered Level 10 of the Dungeon
  5077 | D:10     | Reached *** piety under Wu Jian
  5107 | D:11     | Found a staircase to the Lair.
  5405 | D:10     | Reached skill level 5 in Fighting
  5405 | D:10     | Reached skill level 9 in Dodging
  5651 | D:10     | Reached skill level 8 in Unarmed Combat
  5894 | D:12     | Found a shimmering altar of Xom.
  5925 | D:12     | Reached skill level 11 in Stealth
  5925 | D:12     | Reached XP level 10. HP: 44/44 MP: 10/14
  5961 | D:12     | Found Egahel's Armour Shop.
  5961 | D:12     | Found a staircase to the Orcish Mines.
  6013 | D:12     | Noticed a red ugly thing
  6111 | D:12     | Noticed Kirke
  6117 | D:12     | HP: 4/44 [Kirke/spear (6)]
  6122 | D:11     | Noticed a two-headed ogre
  6163 | D:11     | Killed a two-headed ogre
  6163 | D:11     | Reached skill level 12 in Stealth
  6182 | D:11     | Noticed an unseen horror
  6193 | D:11     | HP: 4/44 [unseen horror (6)]
  6209 | D:11     | Killed an unseen horror
  6209 | D:11     | Reached skill level 13 in Stealth
  6228 | D:11     | Noticed a manticore
  6264 | D:11     | Killed a manticore
  6285 | D:11     | Noticed a white ugly thing
  6359 | D:12     | Noticed a gargoyle
  6390 | D:12     | Noticed a two-headed ogre
  6392 | D:12     | HP: 3/44 [two-headed ogre/giant club (28)]
  6549 | D:12     | Noticed a manticore
  6609 | D:13     | Noticed a manticore
  6612 | D:13     | Noticed a centaur warrior
  6639 | D:13     | Killed a centaur warrior
  6639 | D:13     | Reached skill level 9 in Unarmed Combat
  6699 | D:13     | Noticed a manticore
  6733 | D:13     | Reached skill level 6 in Fighting
  6758 | D:13     | Noticed an unseen horror
  6790 | D:13     | Reached skill level 10 in Dodging
  6790 | D:13     | Reached XP level 11. HP: 20/48 MP: 15/15
  6791 | D:13     | Noticed Maurice
  7080 | Lair:1   | Entered Level 1 of the Lair of Beasts
  7221 | Lair:2   | Noticed Erica
  7412 | Lair:2   | Noticed Urug
  7596 | D:8      | Reached **** piety under Wu Jian
  7638 | D:8      | Reached skill level 10 in Unarmed Combat
  7870 | D:8      | Learned a level 3 spell: Dazzling Spray
  7927 | D:8      | Reached skill level 1 in Conjurations
  7975 | D:8      | Reached skill level 1 in Hexes
  8100 | D:7      | Bought the ring of Day {MR+ Str+4 Int+4 Dex+2} for 574 gold pieces
  8341 | D:12     | Reached skill level 2 in Hexes
  8345 | D:12     | Reached skill level 2 in Conjurations
  8350 | D:12     | Reached skill level 3 in Hexes
  8376 | D:12     | Killed from afar by a gargoyle
  8377 | D:12     | Reached XP level 10. HP: -16/46 MP: 1/14
  8435 | D:12     | Reached skill level 4 in Hexes
  8498 | D:12     | Slain by a red ugly thing
  8499 | D:12     | Reached XP level 9. HP: 0/42 MP: 11/13
  8504 | Orc:1    | Entered Level 1 of the Orcish Mines
  8527 | Orc:1    | Reached skill level 3 in Conjurations
  8579 | Orc:1    | Noticed an orc sorcerer
  8613 | Orc:1    | Noticed an orc knight
  8615 | Orc:1    | Noticed a jumping spider
  8615 | Orc:1    | an orc sorcerer changed into a jumping spider
  8621 | Orc:1    | Killed a jumping spider
  8621 | Orc:1    | Reached skill level 5 in Hexes
  8677 | Orc:1    | HP: 4/42 [orc priest/divine providence (12)]
  8678 | Orc:1    | Killed from afar by an orc priest

Skill      XL: |  1  2  3  4  5  6  7  8  9 10 11 |
---------------+----------------------------------+-----
Unarmed Combat | 1 2 3 5 8 9 10 | 10.2
Stealth        | 4 5 7 9 10 11 13 | 13.7
Evocations     | 3 |  3.3
Dodging        | 4 7 9 10 | 10.7
Fighting       | 3 5 6 |  6.9
Conjurations   | 3 2 |  3.4
Hexes          | 5 4 3 |  5.1
Spellcasting   | |  2.0
Air Magic      | |  2.6

Action                   |  1- 3 |  4- 6 |  7- 9 | 10-12 || total
-------------------------+-------+-------+-------+-------++-------
Melee: Unarmed           |    15 |    45 |   174 |   499 ||   733
       Bite              |     1 |     2 |    15 |    42 ||    60
       Punch             |       |     1 |     3 |    18 ||    22
 Cast: Shock             |    55 |    71 |   150 |    13 ||   289
       Static Discharge  |       |     3 |     6 |     2 ||    11
       Dazzling Spray    |       |       |     2 |     6 ||     8
Invok: Lunge             |     2 |    13 |    24 |    29 ||    68
       Whirlwind         |       |     3 |    23 |   127 ||   153
       Wall Jump         |       |       |    19 |    29 ||    48
       Serpent's Lash    |       |       |       |    13 ||    13
Evoke: Wand              |       |       |    25 |    35 ||    60
  Use: Scroll            |     4 |     8 |    12 |     6 ||    30
       Potion            |     1 |     1 |     2 |    10 ||    14
 Stab: Sleeping          |     9 |    20 |    28 |    12 ||    69
       Distracted        |       |     2 |     2 |     2 ||     6
       Invisible         |       |       |     2 |     1 ||     3
       Paralysed         |       |       |       |     1 ||     1
  Eat: Chunk             |     8 |     4 |    11 |    13 ||    36
Armor: Skin              |     3 |     5 |    12 |    45 ||    65
Dodge: Dodged            |    35 |    40 |   179 |   452 ||   706

Table legend:
 A = Turns spent in this place as a percentage of turns spent in the entire game.
 B = Non-inter-level travel turns spent in this place as a percentage of non-inter-level travel turns spent in the entire game.
 C = Inter-level travel turns spent in this place as a percentage of turns spent in this place.
 D = Turns resting spent in this place as a percentage of non-inter-level travel turns spent in this place.
 E = Turns spent auto-exploring this place as a percentage of non-inter-level travel turns spent in this place.
 F = Non-inter-level travel turns spent in this place divided by the number of levels of this place that you've seen.
                   A       B       C       D       E      F
               +-------+-------+-------+-------+-------+----------------------
         Total | 100.0 | 100.0 |   3.8 |   0.0 |   0.1 | 491.1
       Dungeon |  92.8 |  92.8 |   3.8 |   0.0 |   0.1 | 595.8
        Temple |   0.7 |   0.8 |   0.0 |   0.0 |   0.0 |  65.0
          Lair |   4.5 |   4.3 |   6.2 |   0.0 |   0.0 | 181.5
  Orcish Mines |   2.0 |   2.1 |   0.0 |   0.0 |   0.0 | 174.0
               +-------+-------+-------+-------+-------+----------------------

Table legend:
 A = Kills in this place as a percentage of kills in entire the game.
 B = Kills by you in this place as a percentage of kills by you in the entire game.
 C = Kills by friends in this place as a percentage of kills by friends in the entire game.
 D = Other kills in this place as a percentage of other kills in the entire game.
 E = Experience gained in this place as a percentage of experience gained in the entire game.
 F = Experience gained in this place divided by the number of levels of this place that you have seen.
                   A       B       C       D       E      F
               +-------+-------+-------+-------+-------+----------------------
         Total | 100.0 | 100.0 | 100.0 |   N/A | 100.0 | 1071.2
       Dungeon |  93.9 |  93.8 | 100.0 |   N/A |  85.7 | 1201.1
          Lair |   2.7 |   2.7 |   0.0 |   N/A |   9.5 | 860.5
  Orcish Mines |   3.4 |   3.4 |   0.0 |   N/A |   4.8 | 875.0
               +-------+-------+-------+-------+-------+----------------------

Vault maps used:
D:1:      lemuel_arrival_funnel, hex_medium
D:2:      marbit_many_paths, chequers_ecumenical_altar_grove
D:3:      first_ration
D:4:      minmay_temple_entry_trees
D:5:      gammafunk_steamed_eel, grunt_temple_overflow_open,
          kennysheep_decorative_pillar
D:6:      nicolae_tso_besieged_by_evil
D:7:      lemuel_slime, kennysheep_mini_moat, lemuel_round_altar, serial_shops,
          nicolae_shop_trees, the_bakery
D:8:      chequers_temple_overflow_statue_of_worship, fiery_altar_vehumet
D:9:      serial_shops, shop
D:11:     lair_entry_dummy, stair_cage_cross
D:12:     orc_david_3, basic_altar, kennysheep_generic_room_12, uniq_kirke
D:13:     uniq_maurice
Temple:   compressed_dpeg_triangle_lava_temple
Lair:1:   minmay_holes
Lair:2:   wad_woods_river_01, minmay_lair_oklob_chamber, lemuel_fruit_fields,
          uniq_urug, uniq_erica
